 Dungeon Crawl Stone Soup version 0.20-a0-548-g4f8a798 (webtiles) character file.

981 pichaelthompson the Poker (level 7, -5/56 HPs)
             Began as a Demonspawn Berserker on Feb 1, 2017.
             Was a Priest of Trog.
             Slain by Pikel
             ... wielding a +0 whip of electrocution
              (17 damage)
             ... on level 5 of the Dungeon.
             The game lasted 00:23:27 (5600 turns).

pichaelthompson the Poker (Demonspawn Berserker)    Turns: 5600, Time: 00:23:28

Health: -5/56      AC: 14    Str: 20    XL:     7   Next: 96%
Magic:  7/7        EV:  8    Int:  8    God:    Trog [***...]
Gold:   221        SH:  3    Dex: 12    Spells: 6/6 levels left

rFire    . . .     SeeInvis .   w - +3 short sword
rCold    + . .     Gourm    .   j - +0 chain mail
rNeg     + . .     Faith    .   p - +0 buckler
rPois    .         Spirit   .   t - +0 helmet
rElec    .         Reflect  .   b - +0 cloak
rCorr    .         Harm     .   (no gloves)
MR       .....                  u - +1 pair of boots
Stlth    ..........             (no amulet)
Regen    0.2/turn               x - ring of positive energy
                                r - ring of protection from cold

@: exhausted, very slightly contaminated, hasted and slowed
A: hooves 2, powered by pain 1, spiny 1
a: Berserk, Trog's Hand, Burn Spellbooks, Renounce Religion


You were on level 5 of the Dungeon.
You worshipped Trog.
Trog was most pleased with you.
You were hungry.

You visited 1 branch of the dungeon, and saw 5 of its levels.

You collected 221 gold pieces.

Inventory:

Hand Weapons
 a - a +0 spear
 w - a +3 short sword (weapon)
Armour
 b - a +0 cloak (worn)
 j - a +0 chain mail (worn)
 p - a +0 buckler (worn)
 t - a +0 helmet (worn)
 u - a +1 pair of boots (worn)
Jewellery
 r - a ring of protection from cold (left hand)
 x - a ring of positive energy (right hand)
Scrolls
 e - 3 scrolls of enchant weapon {unknown}
 f - 2 scrolls of fear
 n - 2 scrolls of remove curse
 o - 2 scrolls of teleportation {unknown}
 v - a scroll of immolation {unknown}
Potions
 h - a potion of brilliance {unknown}
 i - a potion of agility
 k - a potion of cancellation
 l - a potion of might
 m - a potion of haste
 q - a potion of invisibility {unknown}
 s - a potion of flight {unknown}
 z - a potion of berserk rage
Comestibles
 c - 3 bread rations
 d - a royal jelly
 g - 2 meat rations
 A - a chunk of flesh


   Skills:
 + Level 5.0 Fighting
 + Level 0.8 Short Blades
 + Level 6.1 Polearms
 + Level 4.3 Armour
 + Level 2.6 Dodging
 + Level 0.6 Stealth
 + Level 1.1 Shields


You had 6 spell levels left.
You didn't know any spells.

Dungeon Overview and Level Annotations

Branches:
Dungeon (5/15)
 Temple: D:4-7

Altars:
Cheibriados
Dithmenos
Gozag
Kikubaaqudgha
Qazlal
Trog
Uskayaw
Vehumet

Annotations:
D:5 Pikel


Innate Abilities, Weirdness & Mutations

You have hoof-like feet.
You sometimes gain a little power by taking damage.
You are partially covered in sharp spines.


Message History

Your shield and chain mail prevent you from hitting Pikel.
Pikel is moderately wounded.
Pikel hits you with a whip of electrocution.
You closely miss Pikel.
Pikel is moderately wounded.
Pikel barely misses you.
You hit Pikel.
Pikel is moderately wounded.
You are no longer berserk.
You are exhausted.
You feel yourself slow down. Pikel is struck by your spines.
Pikel hits you with a whip of electrocution.
You feel yourself speed up. You block Pikel's attack.
Pikel is struck by your spines. Pikel hits you but does no damage.
You are very lightly contaminated with residual magic.
Pikel is struck by your spines.
Pikel hits you with a whip of electrocution!
* * * LOW HITPOINT WARNING * * *
You are electrocuted!
You die... ... .( #z## #.####zp# .pp.K.pp#

#######.#
#p# #
#K#.#
#@#.#
#...#
#.####
#....#
+.##.#
#.##.#
#....#
#.##.#
#.##.#


You could see Pikel (berserk), 4 slaves and 2 wights.

Vanquished Creatures
  Grinder (D:5)
  Menkaure (D:5)
  2 ogres
  5 wights (D:5)
  A howler monkey (D:5)
  2 hounds
  Robin (D:4)
  6 adders
  A shadow imp (D:5)
  2 oozes
  A worm (D:3)
  4 dart slugs
  A leopard gecko (D:1)
  5 orcs (D:3)
  7 giant cockroaches
  21 goblins
  14 hobgoblins
  3 jackals (D:1)
  A ball python zombie (D:5)
  4 bats
  7 frilled lizards
  10 kobolds
  A leopard gecko skeleton (D:5)
  A quokka skeleton (D:5)
  4 rats
106 creatures vanquished.

Notes
Turn   | Place    | Note
-------+----------+-------------------------------------------
     0 | D:1      | pichaelthompson the Demonspawn Berserker began the quest for the Orb.
     0 | D:1      | Reached XP level 1. HP: 18/18 MP: 1/1
   204 | D:1      | Reached skill level 3 in Polearms
   239 | D:1      | Gained mutation: You have large cloven feet. [demonic ancestry]
   239 | D:1      | Reached XP level 2. HP: 19/24 MP: 2/2
  1001 | D:2      | Reached XP level 3. HP: 26/29 MP: 3/3
  1659 | D:2      | Found a radiant altar of Vehumet.
  1667 | D:2      | Found an opulent altar of Gozag.
  1677 | D:2      | Found a snail-covered altar of Cheibriados.
  1936 | D:2      | Found an ancient bone altar of Kikubaaqudgha.
  1936 | D:2      | Found a hide-covered altar of Uskayaw.
  2598 | D:3      | Reached ** piety under Trog
  2610 | D:3      | Gained mutation: You sometimes gain a little power by taking damage. [demonic ancestry]
  2610 | D:3      | Reached XP level 4. HP: 7/37 MP: 4/4
  3557 | D:4      | Reached skill level 4 in Polearms
  3579 | D:4      | Noticed Robin
  3593 | D:4      | Killed Robin
  3600 | D:4      | Reached XP level 5. HP: 35/42 MP: 5/5
  3825 | D:4      | Found a shadowy altar of Dithmenos.
  4451 | D:4      | Noticed an ogre
  4463 | D:4      | Killed an ogre
  4463 | D:4      | Gained mutation: You are partially covered in sharp spines. [demonic ancestry]
  4463 | D:4      | Reached XP level 6. HP: 48/48 MP: 6/6
  4891 | D:5      | Entered Level 5 of the Dungeon
  5036 | D:5      | Reached *** piety under Trog
  5036 | D:5      | Reached skill level 5 in Polearms
  5054 | D:5      | Gained mutation: You have hoof-like feet. [demonic ancestry]
  5054 | D:5      | Reached XP level 7. HP: 55/55 MP: 7/7
  5135 | D:5      | Found a stormy altar of Qazlal.
  5217 | D:5      | Noticed Grinder
  5226 | D:5      | Paralysed by Grinder for 3 turns
  5233 | D:5      | Killed Grinder
  5233 | D:5      | Reached skill level 1 in Shields
  5435 | D:5      | Found a bloodstained altar of Trog.
  5506 | D:5      | Reached skill level 6 in Polearms
  5507 | D:5      | Noticed Menkaure
  5515 | D:5      | Killed Menkaure
  5515 | D:5      | Reached skill level 5 in Fighting
  5579 | D:5      | Noticed Pikel
  5600 | D:5      | Slain by Pikel

Vault maps used:
D:1:      dpeg_arrival_more_subterranean_lakeside_camping
D:2:      gammafunk_temple_overflow_wave, minmay_overflow_temple_star_quad,
          first_bread, hangedman_decor_opposing
D:4:      cheibrodos_greedy_goblins, overflow_temple_1_default,
          roderic_ancient_swastika, uniq_robin
D:5:      lemuel_coloured_pillars_altar, minmay_door_square, trog_hazing_becter,
          uniq_grinder, uniq_menkaure, uniq_pikel

Skill      XL: |  1  2  3  4  5  6  7 |
---------------+----------------------+-----
Armour         | 2 3 4 |  4.3
Polearms       | 3 4 5 6 |  6.1
Dodging        | 2 |  2.6
Fighting       | 4 5 |  5.0
Shields        | 1 |  1.1
Short Blades   | |  0.8
Stealth        | |  0.6

Action                   |  1- 3 |  4- 6 |  7- 9 || total
-------------------------+-------+-------+-------++-------
Melee: Spear             |   156 |   197 |     4 ||   357
       Kick              |    32 |    24 |       ||    56
       Short sword       |       |       |    58 ||    58
Invok: Berserk           |     3 |     4 |     3 ||    10
  Use: Scroll            |     4 |     3 |       ||     7
       Potion            |       |       |     1 ||     1
  Eat: Chunk             |     7 |    11 |     3 ||    21
       Royal jelly       |       |       |     1 ||     1
Armor: Animal skin       |    23 |     6 |       ||    29
       Chain mail        |       |    76 |    24 ||   100
       Ring mail         |       |    16 |       ||    16
Dodge: Dodged            |    85 |    83 |    24 ||   192
Block: Buckler           |     8 |    22 |    17 ||    47
